 Dungeon Crawl Stone Soup version 0.30-a0-634-g8abc85282e (webtiles) character file.

Game seed: 805861952443231289

354 tio the Covered (level 6, -2/66 HPs)
             Began as a Human Wanderer on Jan 14, 2023.
             Killed by divine providence
             ... invoked by an orc priest
              (13 damage)
             ... on level 3 of the Dungeon.
             The game lasted 00:21:08 (2614 turns).

tio the Covered (Human Wanderer)                    Turns: 2614, Time: 00:21:09

Health: -2/66      AC: 23    Str: 14    XL:     6   Next: 94%
Magic:  9/9        EV:  2    Int: 12    God:
Gold:   133        SH:  0    Dex: 13    Spells: 2/9 levels left

rFire   . . .      SeeInvis .    a - +2 quarterstaff
rCold   . . .      Faith    .    (shield currently unavailable)
rNeg    . . .      Spirit   .    (body armour currently unavailable)
rPois   +          Reflect  .    (helmet currently unavailable)
rElec   .          Harm     .    (cloak currently unavailable)
rCorr   .          Rampage  .    (gloves currently unavailable)
Will    .....      NoTele   +    (boots currently unavailable)
Stlth   +                        k - amulet of the acrobat
HPRegen 0.31/turn                (no ring)
MPRegen 0.11/turn                (no ring)

@: tree-form
A: stationary, stasis, torment immunity, boosted hp
a: no special abilities


You were on level 3 of the Dungeon.
You were a tree.
You visited 1 branch of the dungeon, and saw 3 of its levels.

You collected 133 gold pieces.

Inventory:

Hand Weapons
 a - a +2 quarterstaff (weapon)
 i - a +6 mace of protection
Missiles
 d - a throwing net
Armour
 b - a +0 scale mail (melded)
 f - a +0 pair of boots (melded)
 g - a +0 helmet
 h - a +2 helmet of see invisible (melded)
 j - a scarf of repulsion (melded)
Jewellery
 k - an amulet of the acrobat (around neck)
Scrolls
 l - a scroll of torment
 n - a scroll of teleportation
 o - a scroll of enchant armour {unknown}
 p - a scroll of identify
Potions
 e - a potion of degeneration
 m - a potion of attraction {unknown}


   Skills:
 + Level 2.0 Fighting
 + Level 4.1 Staves
 + Level 4.4 Armour
 + Level 2.4 Dodging
 + Level 0.5 Stealth
 + Level 2.0 Spellcasting
 + Level 2.7 Summonings


You had 2 spell levels left.
You knew the following spells:

 Your Spells              Type           Power      Damage    Failure   Level
a - Summon Small Mammal   Summ           28%        N/A       9%          1
b - Summon Guardian Gole  Hex/Summ       4%         N/A       43%         3
c - Tukima's Dance        Hex            1%         N/A       63%         3

Your spell library contained the following spells:

 Spells                   Type           Power      Damage    Failure   Level
 Passage of Golubria      Tloc           1%         N/A       95%         4
 Yara's Violent Unravell  Hex/Tmut       0%         3d3       100%        5
 Orb of Destruction       Conj           0%         9d5       100%        7
 Spellforged Servitor     Conj/Summ      2%         N/A       100%        7


Dungeon Overview and Level Annotations

Branches:
Dungeon (3/15)

Altars:
Gozag

Annotations:
D:3 3 runed translucent doors, superbruh's ghost, amateur DsGl


Message History

Really quaff the potion of lignification?
You turn into a tree.
Your scarf of repulsion melds into your body.
Your +2 helmet of see invisible melds into your body.
Your +0 pair of boots melds into your body.
Your +0 scale mail melds into your body.
The haze of the repulsion field disappears.
You feel less perceptive.
Your roots penetrate the ground.
The orc hits you but does no damage.
The orc priest hits you but does no damage.
The orc priest barely misses you.
You hit the orc.
The orc is moderately wounded.
The orc barely misses you.
The orc priest hits you but does no damage. x2
You hit the orc.
The orc is almost dead.
The orc hits you but does no damage.
The orc priest hits you but does no damage. x2
You barely miss the orc.
The orc is almost dead.
The orc hits you but does no damage.
The orc priest hits you but does no damage. x2
You hit the orc.
You kill the orc!
The orc priest hits you but does no damage. x3
The orc priest barely misses you.
You hit the orc priest but do no damage.
The orc priest is severely wounded.
The orc priest hits you with a +0 flail.
* * * LOW HITPOINT WARNING * * *
The orc priest hits you but does no damage.
You hit the orc priest but do no damage.
The orc priest is severely wounded.
The orc priest hits you but does no damage. x2
You hit the orc priest but do no damage.
The orc priest is severely wounded.
The orc priest invokes the aid of Beogh against you.
Beogh smites you!
You die...

#.............#
#.############# .
#...<.# ######## #o #
####### #....... #..#.
#....... .o.### #.......
##. ...# #...)...
.....###o########.......
......o♣)..(............
.....#####...####.......
... ###............ .
######....... #.......
##.###.. ########)####.
#...........#.
#.......)...#.


You could see 2 orc priests.

Vanquished Creatures
  Sigmund (D:2)
  A jelly (D:1)
  Natasha (thrice) (D:2)
  Robin (D:2)
  An adder (D:2)
  A dart slug (D:2)
  3 orcs (D:3)
  2 ball pythons
  3 bats
  2 endoplasms
  3 giant cockroaches
  9 goblins
  7 hobgoblins
  2 quokkas
  4 frilled lizards
  5 kobolds
  4 rats
52 creatures vanquished.

Vanquished Creatures (collateral kills)
  A bat (D:1)
  A goblin (D:2)
  A hobgoblin (D:2)
3 creatures vanquished.

Vanquished Creatures (others)
  10 plants (D:1)
10 creatures vanquished.

Grand Total: 65 creatures vanquished

Notes
Turn   | Place    | Note
-------+----------+-------------------------------------------
     0 | D:1      | tio the Human Wanderer began the quest for the Orb.
     0 | D:1      | tio set off with the following items: a +2 quarterstaff, a
                  | +0 scale mail, a potion of curing; and the following spell
                  | memorised: Summon Small Mammal; and the following spells
                  | available to memorise: Summon Guardian Golem.
     0 | D:1      | Reached XP level 1. HP: 15/15 MP: 2/2
   185 | D:1      | Reached XP level 2. HP: 18/21 MP: 0/3
   463 | D:1      | Found a faded altar of an unknown god.
  1228 | D:2      | Reached XP level 3. HP: 23/26 MP: 2/5
  1295 | D:2      | Noticed Robin
  1312 | D:2      | HP: 1/26 [goblin/+0 spear[Robin] (1)]
  1333 | D:2      | Noticed Natasha
  1463 | D:1      | Reached XP level 4. HP: 17/32 MP: 6/6
  1669 | D:2      | Noticed Sigmund
  1916 | D:2      | Killed Sigmund
  1917 | D:2      | Reached XP level 5. HP: 38/38 MP: 5/7
  1917 | D:2      | Reached XP level 6. HP: 44/44 MP: 5/8
  1923 | D:2      | Learned a level 3 spell: Summon Guardian Golem
  1957 | D:2      | Killed Robin
  1960 | D:2      | Killed Natasha
  2168 | D:2      | Noticed Natasha
  2174 | D:2      | Killed Natasha
  2191 | D:2      | Noticed Natasha
  2206 | D:2      | Killed Natasha
  2465 | D:3      | Found a runed translucent gate.
  2465 | D:3      | Found a runed translucent gate.
  2469 | D:3      | Found an opulent altar of Gozag.
  2518 | D:3      | Found a runed translucent gate.
  2572 | D:3      | Noticed superbruh's ghost (amateur DsGl)
  2578 | D:3      | Learned a level 3 spell: Tukima's Dance
  2614 | D:3      | Killed from afar by an orc priest

Illustrated notes

Levels and vault maps discovered:
D:1:      lemuel_arrival_river_ford, layout_basic,
          shapermc_ecumenical_altar_notcrosses, serial_bayou_lagoon_a
D:2:      layout_rooms, uniq_robin, uniq_sigmund, uniq_natasha
D:3:      layout_basic, ebering_ghost_gozag

Skill      XL: |  1  2  3  4  5  6 |
---------------+-------------------+-----
Staves         | 3 4 |  4.1
Armour         | 4 |  4.4
Dodging        | 2 |  2.4
Fighting       | 2 |  2.0
Spellcasting   | 2 |  2.0
Stealth        | |  0.5
Summonings     | |  2.7

Action                   |  1- 3 |  4- 6 || total
-------------------------+-------+-------++-------
Melee: Quarterstaff      |    88 |    74 ||   162
 Cast: Summon Small Mamm |     7 |     8 ||    15
  Use: Potion            |     3 |     3 ||     6
       Scroll            |     2 |     2 ||     4
Armor: Scale mail        |    94 |    38 ||   132
       Skin              |       |    16 ||    16
Dodge: Dodged            |    83 |    69 ||   152

Table legend: (Time is in decaauts)
 A = Elapsed time spent in this place.
 B = Non-inter-level travel time spent in this place.
 C = Inter-level travel time spent in this place.
 D = Time resting spent in this place.
 E = Time spent auto-exploring this place.
 F = Levels seen in this place.
 G = Mean time per level.
                   A        B        C        D        E       F      G
               +--------+--------+--------+--------+--------+-----+--------+
         Total |   2666 |   1846 |    820 |      0 |   1305 |   3 |  888.7 |
       Dungeon |   2666 |   1846 |    820 |      0 |   1305 |   3 |  888.7 |
               +--------+--------+--------+--------+--------+-----+--------+

Top non-repeatable levels by time:
     D:1: 1658 daAuts
     D:2: 761 daAuts
     D:3: 246 daAuts
